 Dungeon Crawl Stone Soup version 0.32-a0-732-ga344392067 (webtiles) character file.

Game seed: 1228144469835444356

3965 gimp the Skirmisher (level 10, -3/82 HPs)
             Began as a Coglin Hunter on Mar 16, 2024.
             Was a Follower of Okawaru.
             Killed from afar by a steam dragon (18 damage)
             ... with a ball of steam
             ... on level 8 of the Dungeon.
             The game lasted 00:10:53 (7407 turns).

gimp the Skirmisher (Coglin Hunter)                 Turns: 7407, Time: 00:10:53

Health: -3/82      AC:  5    Str: 12    XL:     10   Next: 22%
Magic:  11/11      EV: 11    Int:  8    God:    Okawaru [*.....]
Gold:   413        SH:  0    Dex: 22    Spells: 9/9 levels left

rFire   . . .        a - +2 sling {Lin}
rCold   . . .        d - +0 sling {Charoen}
rNeg    . . .        c - +0 leather armour
rPois   .            h - +0 helmet
rElec   .            t - +0 cloak
rCorr   .            (no gloves)
SInv    .            (no boots)
Will    .....        (amulet unavailable)
Stlth   ++           (ring unavailable)
HPRegen 0.33/turn    (ring unavailable)
MPRegen 0.12/turn    (no gizmo)

%: no passive effects
@: revved
A: off-hand wielding, slow wielding, warmup strikes, no jewellery
a: Invent Gizmo, Renounce Religion, Heroism


You were on level 8 of the Dungeon.
You worshipped Okawaru.
Okawaru was aware of your devotion.
You visited 2 branches of the dungeon, and saw 9 of its levels.

You collected 413 gold pieces.

Inventory:

Hand Weapons
 a - a +2 sling (weapon) {Lin}
 d - a +0 sling (offhand) {Charoen}
Armour
 c - a +0 leather armour (worn)
 h - a +0 helmet (worn)
 t - a +0 cloak (worn)
Wands
 q - a wand of paralysis (9)
Scrolls
 f - 2 scrolls of teleportation {unknown}
 j - a scroll of poison
 m - a scroll of enchant armour {unknown}
 n - 3 scrolls of amnesia {unknown}
 o - 2 scrolls of brand weapon {unknown}
 p - 2 scrolls of enchant weapon {unknown}
 r - 2 scrolls of noise {unknown}
 u - a scroll of vulnerability {unknown}
Potions
 b - a potion of berserk rage {unknown}
 e - a potion of mutation
 g - 2 potions of heal wounds
 i - 2 potions of curing
 k - 2 potions of attraction {unknown}
 l - 2 potions of might {unknown}
 s - a potion of resistance {unknown}


   Skills:
 + Level 8.4 Fighting
 * Level 11.2 Ranged Weapons
 - Level 1.7 Dodging
 - Level 0.7 Stealth
 + Level 2.1 Invocations


You had 9 spell levels left.
You didn't know any spells.
Your spell library contained the following spells:

 Spells                   Type           Power      Damage    Failure   Level
 Sublimation of Blood     Necr           0%         N/A       63%         2
 Inner Flame              Hex/Fire       0%         N/A       86%         3
 Petrify                  Alch/Erth      0%         N/A       99%         4
 Irradiate                Conj/Alch      0%         3d11      100%        5
 Ignition                 Fire           0%         3d3       100%        8


Dungeon Overview and Level Annotations

Branches:
Dungeon (8/15)             Temple (1/1) D:7
   Lair: D:8-11

Altars:
Dithmenos
Gozag
Hepliaklqana
Kikubaaqudgha
Makhleb
Okawaru
Qazlal
Ru
Trog
Uskayaw
Vehumet
Wu Jian
Xom
Yredelemnul
Zin
The Shining One

Annotations:
D:8 1 transporter


Innate Abilities, Weirdness & Mutations

You can wield a second weapon in your off-hand.
It takes a long time for you to wield or remove held weapons.
Your first few attacks do less damage.
You cannot equip rings or amulets.


Message History

Okawaru accepts your kill.
You shoot a sling bullet.
No target in view!
Things that are here:
a +0 mace; a +0 robe; a wyvern corpse You enter the shallow water.
Moving in this stuff is going to be slow.
Health restored: 82 An electric eel is nearby!
You enter the shallow water.
Moving in this stuff is going to be slow.
Found a scroll of identify.
The electric eel shoots out a bolt of lightning at you!
The bolt of electricity hits the plant!
The plant begins to die.
The bolt of electricity hits you.
The bolt of electricity hits the plant!
The plant begins to die.
You take 4 damage, and have 78/82 hp.
Your line of fire to the electric eel is blocked by a plant.
Your line of fire to the electric eel is blocked by a plant.
You shoot a sling bullet. The sling bullet hits the electric eel.
The electric eel is lightly wounded.
You shoot a sling bullet. The sling bullet hits the electric eel!
The electric eel is severely wounded.
You shoot a sling bullet.
The sling bullet closely misses the electric eel.
You shoot a sling bullet. The sling bullet hits the electric eel!
You kill the electric eel!
Okawaru accepts your kill.
No target in view!
A nearby plant withers and dies. x2
w - a scroll of identify Health restored: 82
As you read the scroll of identify, it crumbles to dust.
v - a potion of brilliance Unknown command.
You enter the shallow water.
Moving in this stuff is going to be slow.
You open the door.
There is an open door here.
Found a chain mail.
You drop a potion of brilliance.
Found 19 gold pieces.
The steam dragon bites you. The steam dragon claws you.
You take 8 damage, and have 74/82 hp.
You shoot a sling bullet.
The sling bullet hits the steam dragon but does no damage.
You shoot a sling bullet.
The sling bullet hits the steam dragon but does no damage.
The steam dragon breathes steam at you. The ball of steam hits you!
You take 16 damage, and have 58/82 hp.
You shoot a sling bullet. The sling bullet hits the steam dragon.
The steam dragon is moderately wounded.
You shoot a sling bullet.
The sling bullet closely misses the steam dragon.
You are engulfed in a cloud of scalding steam.
The steam dragon barely misses you. The steam dragon claws you.
You take 10 damage, and have 48/82 hp.
You shoot a sling bullet. The sling bullet hits the steam dragon.
The steam dragon is heavily wounded.
You shoot a sling bullet.
The sling bullet barely misses the steam dragon.
You are engulfed in a cloud of scalding steam.
The steam dragon breathes steam at you. The ball of steam hits you!
You take 15 damage, and have 33/82 hp.
The steam dragon barely misses you. The steam dragon claws you.
You take 1 damage, and have 32/82 hp.
You are too injured to fight recklessly!
You shoot a sling bullet. The sling bullet hits the steam dragon.
The steam dragon is severely wounded.
You shoot a sling bullet.
The sling bullet barely misses the steam dragon.
The steam dragon misses you. The steam dragon claws you.
You take 2 damage, and have 30/82 hp.
You shoot a sling bullet. The sling bullet hits the steam dragon.
The steam dragon is severely wounded.
You shoot a sling bullet.
The sling bullet barely misses the steam dragon.
The steam dragon completely misses you. The steam dragon claws you.
You take 2 damage, and have 28/82 hp.
You shoot a sling bullet. The sling bullet hits the steam dragon.
The steam dragon is severely wounded.
You shoot a sling bullet.
The sling bullet closely misses the steam dragon.
The steam dragon bites you!
* * * LOW HITPOINT WARNING * * *
The steam dragon claws you.
* * * LOW HITPOINT WARNING * * *
You take 14 damage, and have 14/82 hp.
You shoot a sling bullet. The sling bullet hits the steam dragon.
The steam dragon is almost dead.
You shoot a sling bullet.
The sling bullet barely misses the steam dragon.
You shoot a sling bullet.
The sling bullet closely misses the steam dragon.
You shoot a sling bullet.
The sling bullet barely misses the steam dragon.
The steam dragon breathes steam at you. The ball of steam hits you!!
You die...

#.# ........########
#.# ...............#
###.# .$.....
######.#####....
.......
#...............
.....
#.###...####.... ...
#!#.'...# #....
###.##.#.#...# #...P
#...@D.#.#...# ####~
#.###..#.###########~
#.#[#..#.#<.........P
#.###..#.###########.
#......#. .........
.......... .........
..##.....#. ........#
#. #.#####..
........# #. #
####.#..#


You could see a steam dragon (catching breath).

Vanquished Creatures
  A wyvern (D:8)
  2 steam dragons
  An acid dragon (D:8)
  3 water moccasins
  2 orc warriors
  An ice beast (D:6)
  A black bear (D:4)
  6 ogres
  3 centaurs
  A phantom (D:5)
  A kobold brigand (D:7)
  5 bullfrogs
  A scorpion (D:4)
  11 wights
  3 killer bees (D:6)
  An electric eel (D:8)
  4 hounds
  3 jellies
  4 sleepcaps
  6 iguanas
  4 orc wizards
  3 gnolls (D:7)
  6 adders
  A shadow imp (D:5)
  2 white imps (D:7)
  3 dart slugs
  5 ribbon worms
  29 orcs
  9 ball pythons
  6 bats
  4 endoplasms
  A giant cockroach (D:3)
  6 goblins
  8 hobgoblins
  4 jackals (D:3)
  13 kobolds
  3 quokkas
  3 frilled lizards
  5 rats
175 creatures vanquished.

Notes
Turn   | Place    | Note
-------+----------+-------------------------------------------
     0 | D:1      | gimp the Coglin Hunter began the quest for the Orb.
     0 | D:1      | Reached XP level 1. HP: 16/16 MP: 1/1
    60 | D:1      | Reached XP level 2. HP: 22/22 MP: 2/2
   152 | D:1      | Reached skill level 4 in Ranged Weapons
   414 | D:1      | Reached XP level 3. HP: 28/28 MP: 3/3
  1038 | D:2      | Found a faded altar of an unknown god.
  1279 | D:3      | You fall into a shaft and drop 1 floor!
  1346 | D:4      | Noticed an ogre
  1464 | D:3      | Killed an ogre
  1465 | D:3      | Reached skill level 5 in Ranged Weapons
  1465 | D:3      | Reached XP level 4. HP: 35/35 MP: 4/4
  1465 | D:3      | Reached XP level 5. HP: 41/41 MP: 5/5
  1655 | D:3      | Identified the ring "Sifieh" {+Blink rElec Will+ Str+4}
  2207 | D:4      | Reached XP level 6. HP: 25/48 MP: 6/6
  2403 | D:4      | Reached skill level 6 in Ranged Weapons
  2487 | D:4      | Noticed a black bear
  2497 | D:4      | Killed a black bear
  2498 | D:4      | Reached XP level 7. HP: 34/55 MP: 7/7
  2585 | D:4      | Found a sacrificial altar of Ru.
  2797 | D:4      | Found a stormy altar of Qazlal.
  2797 | D:4      | Found a glowing silver altar of Zin.
  2900 | D:5      | Entered Level 5 of the Dungeon
  3004 | D:5      | Found a hide-covered altar of Uskayaw.
  3004 | D:5      | Noticed a +0 dagger
  3005 | D:5      | Noticed a +0 hand axe
  3055 | D:5      | Reached skill level 7 in Ranged Weapons
  3191 | D:5      | Reached skill level 5 in Fighting
  4092 | D:6      | Reached XP level 8. HP: 28/63 MP: 8/8
  4364 | D:6      | Reached skill level 8 in Ranged Weapons
  4815 | D:6      | Reached skill level 9 in Ranged Weapons
  5043 | D:6      | Reached XP level 9. HP: 64/71 MP: 9/9
  5848 | D:7      | Reached skill level 10 in Ranged Weapons
  6408 | D:7      | Found a basalt altar of Yredelemnul.
  6441 | D:7      | Found a staircase to the Ecumenical Temple.
  6450 | Temple   | Entered the Ecumenical Temple
  6455 | Temple   | Became a worshipper of Warmaster Okawaru
  6614 | D:7      | Found a bloodstained altar of Trog.
  6806 | D:8      | Found a transporter.
  6817 | D:8      | Reached skill level 1 in Invocations
  7099 | D:8      | Reached XP level 10. HP: 77/80 MP: 9/11
  7120 | D:8      | Found an ancient bone altar of Kikubaaqudgha.
  7140 | D:8      | Reached skill level 11 in Ranged Weapons
  7176 | D:8      | Reached * piety under Okawaru
  7407 | D:8      | Killed from afar by a steam dragon

Illustrated notes

Levels and vault maps discovered:
D:1:      doesnt_arrival_eight_statues, layout_loops_cross
D:2:      layout_loops_ring, shapermc_ecumenical_altar_petra
D:3:      layout_loops_cross
D:4:      layout_rooms, nicolae_ru_great_annihilating_truth,
          gammafunk_temple_overflow_elements
D:5:      minmay_inner_zag, layout_basic, dancing_weapons_uskayaw
D:6:      layout_basic, serial_library_hellmonk_junction, minmay_small_thing
D:7:      layout_loops_ring, lemuel_coloured_pillars_altar, trog_butcher_becter,
          minmay_temple_entry_gardened_gates
D:8:      gammafunk_wand_slinger, layout_basic, nicolae_ashenzari_panopticon,
          mainiacjoe_overflow_cross_hatched, minmay_lair_entry_grove,
          serial_bayou, serial_bayou_lake_a, serial_bayou_crossing,
          serial_bayou_lagoon_a, serial_bayou_pond_b, item_on_display_a,
          uniq_joseph
Temple:   nicolae_temple_ecumenical_triangle

Skill      XL: |  1  2  3  4  5  6  7  8  9 10 |
---------------+-------------------------------+-----
Ranged Weapons | 4 5 6 7 9 10 11 | 11.2
Fighting       | 3 4 5 6 8 |  8.4
Invocations    | 1 2 |  2.1
Dodging        | |  1.7
Stealth        | |  0.7

Action                     |  1- 3 |  4- 6 |  7- 9 | 10-12 || total
---------------------------+-------+-------+-------+-------++-------
  Melee: Sling             |       |     6 |       |       ||     6
   Fire: Sling             |   176 |   206 |   652 |    96 ||  1130
    Use: Scroll            |     1 |       |     6 |     1 ||     8
         Potion            |       |     1 |     3 |       ||     4
 Armour: Leather armour    |     9 |    39 |   108 |    23 ||   179
         Skin              |       |       |    14 |       ||    14
  Dodge: Dodged            |    17 |    14 |    97 |    10 ||   138

Table legend: (Time is in decaauts)
 A = Elapsed time spent in this place.
 B = Non-inter-level travel time spent in this place.
 C = Inter-level travel time spent in this place.
 D = Time resting spent in this place.
 E = Time spent auto-exploring this place.
 F = Levels seen in this place.
 G = Mean time per level.
                   A        B        C        D        E       F      G
               +--------+--------+--------+--------+--------+-----+--------+
         Total |   7452 |   7214 |    238 |    172 |   5816 |   9 |  828.0 |
       Dungeon |   7442 |   7204 |    238 |    172 |   5816 |   8 |  930.2 |
        Temple |     10 |     10 |      0 |      0 |      0 |   1 |   10.0 |
               +--------+--------+--------+--------+--------+-----+--------+

Top non-repeatable levels by time:
     D:6: 1526 daAuts
     D:7: 1325 daAuts
     D:5: 1166 daAuts
     D:4: 903 daAuts
     D:3: 816 daAuts
     D:1: 648 daAuts
     D:2: 573 daAuts
     D:8: 481 daAuts
  Temple: 10 daAuts
